 Dungeon Crawl Stone Soup version 0.29-a0-378-gc08b2e8bf8 (webtiles) character file.

Game seed: 2694456588672688636

483 sizableburger the Ducker (level 6, -3/37 HPs)
             Began as a Deep Elf Fighter on May 4, 2022.
             Splashed by a jelly's acid (4 damage)
             ... on level 4 of the Dungeon.
             The game lasted 00:08:26 (4527 turns).

sizableburger the Ducker (Deep Elf Fighter)         Turns: 4527, Time: 00:08:27

Health: -3/37      AC: -5    Str: 15    XL:     6   Next: 88%
Magic:  0/12       EV: 10    Int: 13    God:
Gold:   156        SH:  4    Dex: 14    Spells: 8/11 levels left

rFire   . . .      SeeInvis .   a - +0 war axe (vamp)
rCold   . . .      Faith    .   c - +0 buckler
rNeg    . . .      Spirit   +   b - +0 scale mail
rPois   .          Reflect  .   (no helmet)
rElec   .          Harm     .   (no cloak)
rCorr   .          Rampage  .   (no gloves)
Will    .....                   (no boots)
Stlth   ..........              s - amulet of guardian spirit
HPRegen 0.12/turn               (no ring)
MPRegen 0.13/turn               (no ring)

@: corroded
A: no striking features
a: no special abilities


You were on level 4 of the Dungeon.
You visited 1 branch of the dungeon, and saw 4 of its levels.
You also visited: Ossuary.

You collected 156 gold pieces.

Inventory:

Hand Weapons
 a - a +0 vampiric war axe (weapon)
 g - a +2 whip of venom
 m - a +1 flail of holy wrath
Missiles
 t - a throwing net (quivered)
Armour
 b - a +0 scale mail (worn)
 c - a +0 buckler (worn)
Jewellery
 s - an amulet of guardian spirit (around neck)
Scrolls
 e - 4 scrolls of teleportation
 i - 3 scrolls of poison
 j - 2 scrolls of amnesia
 r - a scroll of fear
 w - a scroll of blinking
Potions
 d - 4 potions of might
 h - 2 potions of curing {unknown}
 k - 3 potions of flight
 o - a potion of brilliance
 u - 2 potions of resistance {unknown}
 v - a potion of berserk rage {unknown}


   Skills:
 - Level 3.0 Fighting
 + Level 1.9(3.1) Axes
 - Level 3.3(3.6) Maces & Flails
 - Level 2.4 Armour
 - Level 3.3 Dodging
 - Level 2.4 Shields
 + Level 3.2 Spellcasting
 - Level 3.1 Hexes


You had 8 spell levels left.
You knew the following spells:

 Your Spells              Type           Power      Damage    Failure   Level
a - Tukima's Dance        Hex            10%        N/A       67%         3

Your spell library contained the following spells:

 Spells                   Type           Power      Damage    Failure   Level
 Animate Skeleton         Necr           4%         N/A       75%         1
 Apportation              Tloc           4%         N/A       75%         1
 Summon Small Mammal      Summ           8%         N/A       75%         1
 Anguish                  Hex/Necr       3%         N/A       99%         4
 Enfeeble                 Hex            5%         N/A       100%        7


Dungeon Overview and Level Annotations

Branches:
Dungeon (4/15)            Ossuary (visited)
 Temple: D:4-7

Altars:
Makhleb
Yredelemnul

Shops:
D:1 =


Message History

Unknown command.
You are already wielding that!
Your +2 whip of venom stops dripping with poison.
You feel a sense of dread.
a - a +0 vampiric war axe (weapon)
You start resting.
A jelly comes into view.
The jelly quivers.
You climb upwards.
There is a stone staircase leading down here.
You start resting.
Magic restored.
Okay, then.
You climb downwards.
You block the jelly's attack.
There is a stone staircase leading up here.
You slash the jelly!
You feel better. The acid corrodes you!
Your hands burn!
The jelly is heavily wounded.
The jelly barely misses you.
You hit the jelly.
You feel better.
Your hands burn!
The jelly is heavily wounded.
The jelly hits you.
You are splashed with acid!
The jelly hits you. The acid corrodes you!
You are splashed with acid!
You slash the jelly!
Your hands burn!
The jelly is almost dead.
You block the jelly's attack.
You barely miss the jelly.
The jelly is almost dead.
The jelly hits you.
You are splashed with acid!
* * * LOW HITPOINT WARNING * * *
You block the jelly's attack.
You hit the jelly but do no damage.
Your hands burn!
* * * LOW HITPOINT WARNING * * *
The jelly is almost dead.
The jelly jiggles.
The jelly hits you.
* * * LOW HITPOINT WARNING * * *
You are splashed with acid.
* * * LOW HITPOINT WARNING * * *
You hit the jelly but do no damage. The acid corrodes you!
Your hands burn!
You die...

......# ##.........####§.....
....#.. ##.....?....##....≈.≈≈
...##..##...........#.....≈...
.....................≈J≈≈
#.........)†.......§§.≈K
#.............##...§≈.≈.
#.............#....§§.≈?
#...................≈.≈≈
.........##.J@.....##...≈...
..)...#.................≈≈≈≈
..<....>...###.##...###..!..
...........# #.....## #...
..........## .......#
..........# .....###
##......... .#...# #... ..##


You could see a jelly.

Vanquished Creatures
  Menkaure (Ossuary)
  A bullfrog (D:3)
  A scorpion (D:4)
  An orc priest (D:3)
  An orc wizard (D:3)
  3 mummies (Ossuary)
  A gnoll (D:4)
  2 adders
  3 worms (D:2)
  A dart slug (D:3)
  5 orcs (D:3)
  10 ball pythons
  7 endoplasms
  7 giant cockroaches
  7 gnoll zombies (Ossuary)
  6 goblins
  4 hobgoblins
  7 bats
  5 frilled lizards
  3 gnoll skeletons (Ossuary)
  6 goblin skeletons (Ossuary)
  4 goblin zombies (Ossuary)
  3 hobgoblin skeletons (Ossuary)
  A hobgoblin zombie (Ossuary)
  10 kobolds
  5 kobold skeletons (Ossuary)
  4 kobold zombies (Ossuary)
  7 orc skeletons (Ossuary)
  5 orc zombies (Ossuary)
  5 rats
  A rat skeleton (Ossuary)
  4 rat zombies (Ossuary)
131 creatures vanquished.

Vanquished Creatures (others)
  A plant (D:2)
1 creature vanquished.

Grand Total: 132 creatures vanquished

Notes
Turn   | Place    | Note
-------+----------+-------------------------------------------
     0 | D:1      | sizableburger the Deep Elf Fighter began the quest for the
                  | Orb.
     0 | D:1      | Reached XP level 1. HP: 13/13 MP: 3/3
   277 | D:1      | Reached XP level 2. HP: 18/18 MP: 4/4
   724 | D:1      | Found Zokat's Jewellery Shoppe.
   832 | D:1      | Reached skill level 1 in Maces & Flails
   832 | D:1      | Reached XP level 3. HP: 23/23 MP: 5/5
  1598 | D:2      | Reached skill level 1 in Dodging
  1617 | D:2      | Reached XP level 4. HP: 19/28 MP: 6/6
  1644 | D:2      | Learned a level 3 spell: Tukima's Dance
  2142 | D:3      | Noticed a bullfrog
  2149 | D:3      | Killed a bullfrog
  2150 | D:3      | Reached skill level 1 in Hexes
  2150 | D:3      | Reached XP level 5. HP: 26/32 MP: 7/7
  2466 | D:3      | Found a basalt altar of Yredelemnul.
  3034 | D:3      | Found a burning altar of Makhleb.
  3185 | D:4      | Found a sand-covered staircase.
  3192 | D:4      | Reached XP level 6. HP: 16/37 MP: 8/8
  3451 | Ossuary  | Entered an ossuary
  3677 | Ossuary  | Reached skill level 1 in Spellcasting
  3787 | Ossuary  | Noticed Menkaure
  4124 | Ossuary  | Killed Menkaure
  4526 | D:4      | HP: 1/37 [acid (4)]
  4527 | D:4      | Splashed by a jelly's acid

Illustrated notes

Levels and vault maps discovered:
D:1:      dpeg_arrival_prison, layout_loops_cross, serial_shops, shop,
          minmay_tetromino_t4
D:2:      wad_pebble_path, layout_basic, serial_bayou_pond_d
D:3:      layout_loops_ring, mainiacjoe_overflow_paths, lightli_temple_of_fire,
          serial_rivers, chequers_serial_rivers_micro_a,
          chequers_serial_rivers_marsh, chequers_serial_rivers_room_a,
          chequers_serial_rivers_small_3
D:4:      layout_cave_pools, mainiacjoe_overflow_concentric_impassable,
          enter_ossuary_3, minmay_fractal_squares_5, uniq_eustachio

Skill      XL: |  1  2  3  4  5  6 |
---------------+-------------------+-----
Fighting       | 3 |  3.0
Maces & Flails | 1 2 3 |  3.3
Dodging        | 1 2 3 |  3.3
Hexes          | 1 3 |  3.1
Spellcasting   | 3 |  3.2
Axes           | |  1.9
Armour         | |  2.4
Shields        | |  2.4

Action                   |  1- 3 |  4- 6 || total
-------------------------+-------+-------++-------
Melee: War axe           |    12 |     6 ||    18
       Whip              |   104 |    81 ||   185
       Flail             |       |   115 ||   115
Throw: Throwing net      |       |     1 ||     1
  Use: Scroll            |     5 |     9 ||    14
       Potion            |       |     1 ||     1
Armor: Scale mail        |    53 |    64 ||   117
Dodge: Dodged            |    36 |    88 ||   124
Block: Buckler           |    19 |    45 ||    64

Table legend: (Time is in decaauts)
 A = Elapsed time spent in this place.
 B = Non-inter-level travel time spent in this place.
 C = Inter-level travel time spent in this place.
 D = Time resting spent in this place.
 E = Time spent auto-exploring this place.
 F = Levels seen in this place.
 G = Mean time per level.
                   A        B        C        D        E       F      G
               +--------+--------+--------+--------+--------+-----+--------+
         Total |   4587 |   4495 |     92 |   1066 |   2529 |   5 |  917.4 |
       Dungeon |   3568 |   3476 |     92 |    785 |   2099 |   4 |  892.0 |
       Ossuary |   1018 |   1018 |      0 |    281 |    430 |   1 | 1018.0 |
               +--------+--------+--------+--------+--------+-----+--------+

Top non-repeatable levels by time:
     D:3: 1447 daAuts
     D:1: 1150 daAuts
 Ossuary: 1018 daAuts
     D:2: 845 daAuts
     D:4: 125 daAuts
